 Dungeon Crawl Stone Soup version 0.31-a0-851-g7ff8af7976 (webtiles) character file.

Game seed: 6274086121251173851

6644 hikkokomori the Covert (level 10, -5/60 HPs)
             Began as a Deep Elf Conjurer on Oct 6, 2023.
             Was a Believer of Vehumet.
             Slain by a hornet (15 damage)
             ... on level 8 of the Dungeon.
             The game lasted 00:23:33 (10073 turns).

hikkokomori the Covert (Deep Elf Conjurer)         Turns: 10073, Time: 00:23:34

Health: -5/60      AC:  4    Str:  4    XL:     10   Next: 72%
Magic:  1/20       EV: 14    Int: 26    God:    Vehumet [**....]
Gold:   468        SH:  5    Dex: 15    Spells: 4/20 levels left

rFire   . . .        v - +8 short sword "Pimauck" {heavy, rN+}
rCold   + . .        (no shield)
rNeg    + . .        y - +0 robe {rC+}
rPois   .            w - +0 helmet
rElec   .            (no cloak)
rCorr   .            (no gloves)
SInv    .            u - +0 pair of boots
Will    +....        c - amulet of reflection
Stlth   ++++         (no ring)
HPRegen 0.30/turn    (no ring)
MPRegen 0.17/turn

%: reflection
@: slowed, very slow
A: no striking features
a: Renounce Religion


You were on level 8 of the Dungeon.
You worshipped Vehumet.
Vehumet was pleased with you.
You visited 1 branch of the dungeon, and saw 8 of its levels.

You collected 468 gold pieces.

Inventory:

Hand Weapons
 v - the +8 short sword "Pimauck" (weapon) {heavy, rN+}
   (You took it off an orc on level 4 of the Dungeon)

   rN+:       It protects you from negative energy.
Missiles
 A - a throwing net
 E - 4 javelins
Armour
 u - a +0 pair of boots (worn)
 w - a +0 helmet (worn)
 y - a +0 robe of cold resistance (worn)
Jewellery
 a - a ring of flight
 c - an amulet of reflection (around neck)
 F - a ring of ice
Wands
 f - a wand of light (4)
 j - a wand of paralysis (22)
 p - a wand of polymorph (8)
Scrolls
 d - a scroll of immolation {unknown}
 h - a scroll of fog {unknown}
 i - 6 scrolls of blinking
 k - a scroll of acquirement {unknown}
 n - 5 scrolls of teleportation
 o - a scroll of amnesia {unknown}
 q - a scroll of vulnerability {unknown}
 s - a scroll of enchant armour
 t - 2 scrolls of poison
 x - a scroll of noise {unknown}
 C - 4 scrolls of identify
 D - a scroll of brand weapon {unknown}
Potions
 b - 2 potions of magic
 e - a potion of brilliance {unknown}
 l - 5 potions of degeneration
 m - 2 potions of ambrosia
 r - 2 potions of enlightenment
 z - a potion of cancellation
 B - a potion of haste {unknown}
 G - a potion of heal wounds


   Skills:
 + Level 5.8 Fighting
 - Level 5.6 Short Blades
 + Level 5.5 Dodging
 + Level 9.7 Stealth
 + Level 5.8 Spellcasting
 + Level 9.0 Conjurations
 - Level 7.8 Hexes
 + Level 2.9 Translocations
 - Level 2.1 Air Magic


You had 4 spell levels left.
You knew the following spells:

 Your Spells              Type           Power      Damage    Failure   Level
a - Magic Dart            Conj           100%       1d8       1%          1
b - Searing Ray           Conj           100%       2d8       1%          2
c - Fulminant Prism       Conj/Hex       25%        3d13      2%          4
d - Passwall              Tmut/Erth      5%         N/A       11%         2
e - Swiftness             Air            18%        N/A       9%          3
f - Iskenderun's Mystic   Conj/Tloc      38%        2d9       6%          4

Your spell library contained the following spells:

 Spells                   Type           Power      Damage    Failure   Level
 Scorch                   Fire           14%        2d5       11%         2
 Slow                     Hex            100%       N/A       1%          1
 Confusing Touch          Hex            48%        N/A       1%          3
 Dazzling Flash           Conj/Hex       100%       N/A       1%          3
 Sigil of Binding         Hex            48%        N/A       1%          3
 Ensorcelled Hibernation  Hex/Ice        54%        N/A       2%          2
 Cause Fear               Hex            24%        N/A       2%          4
 Anguish                  Hex/Necr       13%        N/A       14%         4
 Ozocubu's Armour         Ice            7%         N/A       22%         3
 Vampiric Draining        Necr           7%         2d6       22%         3
 Metabolic Englaciation   Hex/Ice        13%        N/A       36%         5
 Enfeeble                 Hex            24%        N/A       94%         7
 Simulacrum               Ice/Necr       3%         N/A       100%        6


Dungeon Overview and Level Annotations

Branches:
Dungeon (8/15)             Temple (0/1) D:6
   Lair: D:8-11

Altars:
Cheibriados
Makhleb
Nemelex Xobeh
Qazlal
Ru
Sif Muna
Trog
Uskayaw
Vehumet
Wu Jian
Yredelemnul
Zin
The Shining One

Annotations:
D:4 3 runed translucent doors, JayJaygamer2134567's ghost, amateur HOMo; Patattack's ghost, amateur HuFi; PowderKeg's ghost, amateur FoCK; PowderKeg's ghost, novice FoCK; randomguy2701's ghost, amateur GnWn


Message History

The hornet is severely wounded.
The hornet closely misses you. You block the hornet's attack.
Unknown command.
Casting: Fulminant Prism (dangerous; 2% risk of failure)
Confirm with . or Enter, or press ? or * to list all spells.
Aiming: Searing Ray (safe; 1% risk of failure)
Press: ? - help, Shift-Dir - straight line, f - centaur
Aim: a centaur, wielding a +0 orcbow (90% to hit)
The searing ray hits the hornet.
The hornet is severely wounded.
The searing ray hits the centaur!
The centaur is moderately wounded. (Press . to maintain the ray.)
The hornet stings you!
You feel yourself slow down.
Unknown command.
Without enough magic to sustain it, your searing ray dissipates.
The hornet stings you.
* * * LOW HITPOINT WARNING * * *
You are poisoned.
You feel as though you will be slow longer.
The hornet stings you.
* * * LOW HITPOINT WARNING * * *
You are lethally poisoned!
You feel as though you will be slow longer.
The hornet misses you.
You feel better. The hornet closely misses you. You block the hornet's attack.
Unknown command.
Casting: Searing Ray (safe; 1% risk of failure)
Confirm with . or Enter, or press ? or * to list all spells.
Okay, then.
Aiming: Bolt of Light
Press: ? - help, Shift-Dir - straight line, f/p - centaur
Aim: a centaur, wielding a +0 orcbow (moderately wounded, 83% to hit)
The bolt of light misses the hornet.
The bolt of light hits the centaur!
The centaur is almost dead.
The centaur is blinded.
The hornet stings you!
* * * LOW HITPOINT WARNING * * *
You feel as though you will be slow longer.
The centaur shoots an arrow.
The arrow hits the hornet!
The hornet stings you!
You die...

#... #...z##
#......###
...#.z)..#
#..).##.##
.##...).).##
......†....## #
#.....####).####.###
##...# #..cy@....#
##.# #.####.......
#.# ##†# #.####.
+#.#+ ##..# .#
.###...###y..### #
.....8.........#
.###...###...#.#
+#.#+ ##..#.# #.#
##....


You could see a hornet and a centaur (blind).

Vanquished Creatures
  A two-headed ogre (D:8)
  Pikel (D:4)
  A komodo dragon (D:7)
  10 yaks
  Eustachio (D:4)
  A steam dragon (D:7)
  Menkaure (D:4)
  2 water moccasins
  An orc warrior (D:6)
  2 sky beasts (D:7)
  An ice beast (D:7)
  A black bear (D:5)
  An ogre (D:6)
  2 centaurs
  3 lemures (D:4)
  A phantom (D:5)
  A kobold brigand (D:7)
  3 bullfrogs
  A gnoll sergeant (D:5)
  3 scorpions
  9 wights (D:8)
  9 killer bees
  A howler monkey (D:5)
  6 hounds
  4 orc priests
  2 jellies
  A sleepcap (D:4)
  Natasha (twice) (D:2)
  Terence (D:3)
  11 iguanas
  Ijyb (D:5)
  6 orc wizards
  6 gnolls
  7 adders
  2 shadow imps
  2 white imps
  2 worms (D:2)
  2 dart slugs
  26 orcs
  3 endoplasms
  4 giant cockroaches
  5 goblins
  6 hobgoblins
  5 quokkas
  4 ball pythons
  6 bats
  6 frilled lizards
  4 kobolds
  4 rats
185 creatures vanquished.

Vanquished Creatures (others)
  39 fulminant prisms
39 creatures vanquished.

Grand Total: 224 creatures vanquished

Notes
Turn   | Place    | Note
-------+----------+-------------------------------------------
     0 | D:1      | hikkokomori the Deep Elf Conjurer began the quest for the
                  | Orb.
     0 | D:1      | Reached XP level 1. HP: 10/10 MP: 6/6
   282 | D:1      | Reached XP level 2. HP: 15/15 MP: 5/8
   813 | D:1      | You fall into a shaft and drop 1 floor!
   940 | D:2      | Reached XP level 3. HP: 20/20 MP: 4/9
  1805 | D:2      | Reached skill level 1 in Fighting
  1829 | D:2      | Noticed Natasha
  1835 | D:2      | Killed Natasha
  1836 | D:2      | Reached XP level 4. HP: 25/25 MP: 5/11
  1885 | D:2      | Noticed Natasha
  1890 | D:2      | Killed Natasha
  2479 | D:3      | Found a stormy altar of Qazlal.
  2508 | D:3      | Found a basalt altar of Yredelemnul.
  2598 | D:3      | Noticed Terence
  2664 | D:2      | Learned a level 2 spell: Searing Ray
  2669 | D:2      | Learned a level 4 spell: Fulminant Prism
  2747 | D:3      | Killed Terence
  2748 | D:3      | Reached skill level 5 in Conjurations
  2748 | D:3      | Reached XP level 5. HP: 25/29 MP: 3/13
  2883 | D:3      | Found a sacrificial altar of Ru.
  3679 | D:4      | Noticed Pikel
  3679 | D:4      | Noticed a lemure
  3679 | D:4      | Noticed a lemure
  3679 | D:4      | Noticed a lemure
  3679 | D:4      | Noticed a lemure
  3777 | D:4      | Noticed Menkaure
  3782 | D:4      | Killed Menkaure
  3783 | D:4      | Reached XP level 6. HP: 35/35 MP: 4/14
  3936 | D:4      | Identified the +8 short sword "Pimauck" {heavy, rN+}
  4055 | D:4      | Learned a level 2 spell: Passwall
  4059 | D:4      | Learned a level 3 spell: Swiftness
  4442 | D:4      | Found a hide-covered altar of Uskayaw.
  4442 | D:4      | Found an ornate altar of the Wu Jian Council.
  4571 | D:4      | Noticed Eustachio
  4583 | D:4      | Killed Eustachio
  4584 | D:4      | Reached skill level 1 in Short Blades
  4693 | D:4      | Reached XP level 7. HP: 30/40 MP: 15/15
  4801 | D:4      | Reached skill level 5 in Stealth
  4869 | D:4      | Found a runed translucent gate.
  4869 | D:4      | Noticed JayJaygamer2134567's ghost (amateur HOMo)
  4870 | D:4      | Found a runed translucent gate.
  4872 | D:4      | Found a runed translucent gate.
  4872 | D:4      | Noticed PowderKeg's ghost (amateur FoCK)
  4872 | D:4      | Noticed Patattack's ghost (amateur HuFi)
  4872 | D:4      | Noticed randomguy2701's ghost (amateur GnWn)
  4873 | D:4      | Noticed PowderKeg's ghost (novice FoCK)
  5022 | D:4      | Killed Pikel
  5023 | D:4      | Reached XP level 8. HP: 46/46 MP: 16/16
  5233 | D:5      | Entered Level 5 of the Dungeon
  5329 | D:5      | Noticed Ijyb
  5334 | D:5      | Killed Ijyb
  5544 | D:5      | Reached skill level 5 in Hexes
  6071 | D:5      | Found a bloodstained altar of Trog.
  6332 | D:6      | Found a staircase to the Ecumenical Temple.
  6966 | D:6      | Reached XP level 9. HP: 38/52 MP: 3/17
  7077 | D:6      | Found a radiant altar of Vehumet.
  7079 | D:6      | Found a shimmering blue altar of Sif Muna.
  7083 | D:6      | Found a snail-covered altar of Cheibriados.
  7083 | D:6      | Found a glowing golden altar of the Shining One.
  7083 | D:6      | Found a glowing silver altar of Zin.
  7084 | D:6      | Found a sparkling altar of Nemelex Xobeh.
  7085 | D:6      | Found a burning altar of Makhleb.
  7326 | D:6      | Became a worshipper of Vehumet
  8142 | D:7      | Reached skill level 5 in Short Blades
  8473 | D:7      | Reached skill level 1 in Air Magic
  8577 | D:7      | Noticed a komodo dragon
  8661 | D:7      | Killed a komodo dragon
  8662 | D:7      | Reached skill level 5 in Fighting
  8916 | D:7      | Reached * piety under Vehumet
  8916 | D:7      | Offered knowledge of Freeze by Vehumet.
  9049 | D:7      | Reached XP level 10. HP: 33/59 MP: 6/18
  9750 | D:8      | Learned a level 4 spell: Iskenderun's Mystic Blast
  9776 | D:8      | Reached skill level 1 in Translocations
  9823 | D:8      | Reached skill level 5 in Spellcasting
 10046 | D:8      | Noticed a two-headed ogre
 10049 | D:8      | Offered knowledge of Scorch by Vehumet.
 10050 | D:8      | Reached skill level 5 in Dodging
 10056 | D:8      | Killed a two-headed ogre
 10056 | D:8      | Reached ** piety under Vehumet
 10073 | D:8      | Slain by a hornet

Illustrated notes

Levels and vault maps discovered:
D:1:      roderic_crossed_star, layout_basic
D:2:      layout_basic, minmay_misc_feat_encased, minmay_hedge_maze,
          uniq_natasha
D:3:      layout_basic, overflow_temple_1_default,
          nicolae_qazlal_general_emergency, old_standard_altar, uniq_terence
D:4:      layout_loops_corners, nicolae_overflow_two_pavilions,
          gammafunk_ghost_cemetery, uniq_pikel, uniq_menkaure, uniq_eustachio
D:5:      layout_cave_pools, marbit_many_paths, minmay_stone_trees_small,
          nicolae_titane, uniq_ijyb
D:6:      layout_gridville, minitemple, minmay_temple_entry_drinking_statues
D:7:      layout_gridville, minmay_lizard_king
D:8:      cheibrodos_barr_body, layout_rooms, uniq_joseph

Skill      XL: |  1  2  3  4  5  6  7  8  9 10 |
---------------+-------------------------------+-----
Stealth        | 3 4 5 7 8 9 |  9.7
Dodging        | 3 4 5 |  5.5
Fighting       | 1 2 3 4 5 |  5.8
Spellcasting   | 4 5 |  5.8
Conjurations   | 5 6 7 8 9 |  9.0
Hexes          | 2 3 4 6 7 |  7.8
Short Blades   | 1 2 4 5 |  5.6
Air Magic      | 2 |  2.1
Translocations | 2 |  2.9

Action                     |  1- 3 |  4- 6 |  7- 9 | 10-12 || total
---------------------------+-------+-------+-------+-------++-------
  Melee: Short sword       |       |    25 |    56 |    41 ||   122
         Punch             |       |     1 |     2 |     1 ||     4
   Cast: Magic Dart        |    70 |    62 |   111 |     9 ||   252
         Searing Ray       |       |     7 |    19 |     3 ||    29
         Fulminant Prism   |       |     5 |    19 |    15 ||    39
         Passwall          |       |       |     2 |       ||     2
  Evoke: Wand              |       |       |     2 |     2 ||     4
    Use: Scroll            |       |       |     9 |       ||     9
         Potion            |       |       |     4 |     3 ||     7
   Stab: Sleeping          |       |     3 |     4 |       ||     7
         Paralysed         |       |       |     3 |       ||     3
 Armour: Robe              |     4 |    23 |    72 |    35 ||   134
  Dodge: Dodged            |     1 |    21 |    64 |    37 ||   123
  Block: Other             |       |     2 |    24 |    19 ||    45
         Reflection        |       |       |     2 |       ||     2

Table legend: (Time is in decaauts)
 A = Elapsed time spent in this place.
 B = Non-inter-level travel time spent in this place.
 C = Inter-level travel time spent in this place.
 D = Time resting spent in this place.
 E = Time spent auto-exploring this place.
 F = Levels seen in this place.
 G = Mean time per level.
                   A        B        C        D        E       F      G
               +--------+--------+--------+--------+--------+-----+--------+
         Total |  10098 |   9633 |    465 |   1097 |   7101 |   8 | 1262.2 |
       Dungeon |  10098 |   9633 |    465 |   1097 |   7101 |   8 | 1262.2 |
               +--------+--------+--------+--------+--------+-----+--------+

Top non-repeatable levels by time:
     D:6: 1966 daAuts
     D:7: 1558 daAuts
     D:4: 1513 daAuts
     D:2: 1390 daAuts
     D:3: 1252 daAuts
     D:1: 1144 daAuts
     D:5: 1043 daAuts
     D:8: 229 daAuts
